TOP OF THE 1ST |
Olympia Ogres batting - Pitching for Durham Rapiers : RHP Andy Fallon
|
Pitching: RHP Andy Fallon
|
|
Batting: LHB Martín Zamora
|
0-0: Ball 1-0: Ball 2-0: Fly out, F7 (Flyball, 7, EV 90.0 MPH)
|
Batting: RHB Takeshi Kovacs
|
0-0: SINGLE (Line Drive, 6D, EV 102.5 MPH)
|
Batting: RHB Brandon Graybill
|
0-0: Ball 1-0: Foul Ball, location: 2F 1-1: Foul Ball, location: 2F 1-2: Foul Ball, location: 2F 1-2: Fly out, F7 (Line Drive, 7D, EV 105.6 MPH)
|
Batting: LHB Tony Rincón
|
0-0: Called Strike 0-1: Ball 1-1: Ball 2-1: Foul Ball, location: 2F 2-2: Ball 3-2: Fly out, F6 (Popup, P, EV 74.4 MPH)
|
Top of the 1st over - 0 runs, 1 hit, 0 errors, 1 left on base; Olympia 0 - Durham 0 |
BOTTOM OF THE 1ST |
Durham Rapiers batting - Pitching for Olympia Ogres : RHP Craig Gunter
|
Pitching: RHP Craig Gunter
|
|
Batting: LHB Blake Browning
|
0-0: Called Strike 0-1: Ball 1-1: Ball 2-1: Bunt missed! 2-2: Ball 3-2: Foul Ball, location: 2F 3-2: Base on Balls
|
Batting: RHB Jaxton Goleta
|
0-0: Called Strike 0-1: Ball 1-1: Ball 2-1: Fly out, F9 (Flyball, 9, EV 90.6 MPH)
|
Batting: RHB Bearooz Yacoobi
|
0-0: Called Strike Blake Browning steals 2nd base 0-1: Reached on error, E6 (Line Drive, 6, EV 68.8 MPH) Blake Browning to third
|
Batting: SHB John Wilder
|
0-0: Called Strike 0-1: Ball 1-1: Foul Ball, location: 2F 1-2: Ball 2-2: Ground out 4-3 (Groundball, 34D, EV 97.5 MPH) Blake Browning scores Bearooz Yacoobi to second
|
Batting: RHB Huai-yi Yang
|
0-0: Foul Ball, location: 2F 0-1: Ball 1-1: Foul Ball, location: 2F 1-2: Fly out, F7 (Flyball, 78M, EV 89.4 MPH)
|
Bottom of the 1st over - 1 run, 0 hits, 1 error, 1 left on base; Olympia 0 - Durham 1 |
TOP OF THE 2ND |
Olympia Ogres batting - Pitching for Durham Rapiers : RHP Andy Fallon
|
Batting: RHB Samual Kingman
|
0-0: Ball 1-0: Called Strike 1-1: Ground out 6-3 (Groundball, 6, EV 90.6 MPH)
|
Batting: LHB Carlos Sánchez
|
0-0: Called Strike 0-1: Ball 1-1: Foul Ball, location: 2F 1-2: Ball 2-2: Foul Ball, location: 2F 2-2: Ball 3-2: Foul Ball, location: 2F 3-2: Strikes out swinging
|
Batting: RHB Tony Randolph
|
0-0: Swinging Strike 0-1: Ground out 4-3 (Groundball, 4M, EV 102.5 MPH)
|
Top of the 2nd over - 0 runs, 0 hits, 0 errors, 0 left on base; Olympia 0 - Durham 1 |
BOTTOM OF THE 2ND |
Durham Rapiers batting - Pitching for Olympia Ogres : RHP Craig Gunter
|
Batting: SHB Takechi Yamashita
|
0-0: Foul Ball, location: 2F 0-1: Ground out 5-3 (Groundball, 56S, EV 80.6 MPH)
|
Batting: RHB Marvin Strickland
|
0-0: Ball 1-0: Ball 2-0: Foul Ball, location: 2F 2-1: Foul Ball, location: 2F 2-2: DOUBLE (Flyball, 8LXD, EV 95.0 MPH)
|
Batting: SHB Guo-liang Ye
|
0-0: SINGLE (Groundball, 56, EV 96.9 MPH) (infield hit) Marvin Strickland to third
|
Batting: RHB Brandon Palmer
|
0-0: Ball 1-0: Foul Ball, location: 2F 1-1: SINGLE (Line Drive, 8LS, EV 92.5 MPH) Marvin Strickland scores Guo-liang Ye to second Runner from 2nd tries for 3rd, SAFE, throw by CF made to third
|
Batting: LHB Blake Browning
|
0-0: Called Strike 0-1: Foul Ball, location: 2F 0-2: Ball 1-2: DOUBLE (Line Drive, 3D, EV 99.4 MPH) Guo-liang Ye scores Brandon Palmer to third
|
Batting: RHB Jaxton Goleta
|
0-0: Ball 1-0: Swinging Strike 1-1: Ground out 6-3 (Groundball, 6, EV 88.1 MPH) Brandon Palmer scores Blake Browning to third
|
Batting: RHB Bearooz Yacoobi
|
0-0: Ball 1-0: Ground out 5-3 (Groundball, 56, EV 105.0 MPH)
|
Bottom of the 2nd over - 3 runs, 4 hits, 0 errors, 1 left on base; Olympia 0 - Durham 4 |
TOP OF THE 3RD |
Olympia Ogres batting - Pitching for Durham Rapiers : RHP Andy Fallon
|
Batting: RHB Ignacio González
|
0-0: Called Strike 0-1: Swinging Strike 0-2: Strikes out swinging
|
Batting: RHB Jack Lynch
|
0-0: Ball 1-0: Swinging Strike 1-1: Swinging Strike 1-2: Ball 2-2: Foul Ball, location: 2F 2-2: Strikes out swinging
|
Batting: LHB Martín Zamora
|
0-0: Ball 1-0: Swinging Strike 1-1: Called Strike 1-2: Ball 2-2: Strikes out swinging
|
Top of the 3rd over - 0 runs, 0 hits, 0 errors, 0 left on base; Olympia 0 - Durham 4 |
BOTTOM OF THE 3RD |
Durham Rapiers batting - Pitching for Olympia Ogres : RHP Craig Gunter
|
Batting: SHB John Wilder
|
0-0: Ball 1-0: Ball 2-0: Swinging Strike 2-1: Foul Ball, location: 2F 2-2: Ball 3-2: Fly out, F8 (Line Drive, 8RM, EV 93.8 MPH)
|
Batting: RHB Huai-yi Yang
|
0-0: Called Strike 0-1: Foul Ball, location: 2F 0-2: Ball 1-2: Ground out 5-3 (Groundball, 5S, EV 91.9 MPH)
|
Batting: SHB Takechi Yamashita
|
0-0: Foul Ball, location: 2F 0-1: Ball 1-1: Called Strike 1-2: Strikes out swinging
|
Bottom of the 3rd over - 0 runs, 0 hits, 0 errors, 0 left on base; Olympia 0 - Durham 4 |
TOP OF THE 4TH |
Olympia Ogres batting - Pitching for Durham Rapiers : RHP Andy Fallon
|
Batting: RHB Takeshi Kovacs
|
0-0: Foul Ball, location: 2F 0-1: Ball 1-1: Ball 2-1: Called Strike 2-2: Foul Ball, location: 2F 2-2: Ground out 2-3 (Groundball, 2R, EV 72.5 MPH)
|
Batting: RHB Brandon Graybill
|
0-0: Ground out 5-3 (Groundball, 56S, EV 88.8 MPH)
|
Batting: LHB Tony Rincón
|
0-0: Ball 1-0: Fly out, F3 (Line Drive, 3, EV 71.9 MPH)
|
Top of the 4th over - 0 runs, 0 hits, 0 errors, 0 left on base; Olympia 0 - Durham 4 |
BOTTOM OF THE 4TH |
Durham Rapiers batting - Pitching for Olympia Ogres : RHP Craig Gunter
|
Batting: RHB Marvin Strickland
|
0-0: Ball 1-0: Swinging Strike 1-1: Ball 2-1: Foul Ball, location: 2F 2-2: Ball 3-2: Foul Ball, location: 2F 3-2: Base on Balls
|
Batting: SHB Guo-liang Ye
|
0-0: Ball 1-0: Fly out, F8 (Flyball, 78D, EV 90.6 MPH)
|
Batting: RHB Brandon Palmer
|
0-0: Ball 1-0: Ball 2-0: Swinging Strike 2-1: Foul Ball, location: 2F 2-2: Fly out, F9 (Flyball, 9S, EV 86.9 MPH)
|
Batting: LHB Blake Browning
|
0-0: Called Strike 0-1: SINGLE (Line Drive, 9S, EV 88.1 MPH) Marvin Strickland to second Runner from 2nd tries for 3rd, SAFE, throw by RF made to third
|
Batting: RHB Jaxton Goleta
|
0-0: Swinging Strike 0-1: Ground out 4-3 (Groundball, 4, EV 100.0 MPH)
|
Bottom of the 4th over - 0 runs, 1 hit, 0 errors, 2 left on base; Olympia 0 - Durham 4 |
TOP OF THE 5TH |
Olympia Ogres batting - Pitching for Durham Rapiers : RHP Andy Fallon
|
Batting: RHB Samual Kingman
|
0-0: Swinging Strike 0-1: Ground out 6-3 (Groundball, 6, EV 101.9 MPH)
|
Batting: LHB Carlos Sánchez
|
0-0: Called Strike 0-1: Foul Ball, location: 2F 0-2: Ball 1-2: Foul Ball, location: 2F 1-2: SINGLE (Groundball, 6, EV 103.1 MPH) (infield hit)
|
Batting: RHB Tony Randolph
|
0-0: Ball 1-0: Called Strike 1-1: Ball 2-1: Called Strike 2-2: Strikes out looking
|
Batting: RHB Ignacio González
|
0-0: Called Strike 0-1: Ball 1-1: Ball 2-1: Foul Ball, location: 2F 2-2: Ground out 1-3 (Groundball, 13S, EV 69.4 MPH)
|
Top of the 5th over - 0 runs, 1 hit, 0 errors, 1 left on base; Olympia 0 - Durham 4 |
BOTTOM OF THE 5TH |
Durham Rapiers batting - Pitching for Olympia Ogres : RHP Craig Gunter
|
Batting: RHB Bearooz Yacoobi
|
0-0: Ball 1-0: Ball 2-0: Called Strike 2-1: Ball 3-1: SINGLE (Groundball, 6MD, EV 97.5 MPH)
|
Batting: SHB John Wilder
|
0-0: Ball 1-0: Ball 2-0: Ball 3-0: Called Strike 3-1: Foul Ball, location: 2F 3-2: Base on Balls Bearooz Yacoobi to second
|
Batting: RHB Huai-yi Yang
|
0-0: Ball 1-0: DOUBLE (Flyball, 78XD, EV 110.6 MPH) Bearooz Yacoobi scores John Wilder to third
|
Pitching: RHP Luis González
|
|
Batting: SHB Takechi Yamashita
|
0-0: Ball 1-0: Fly out, F9 (Flyball, 9LS, EV 84.4 MPH)
|
Batting: RHB Marvin Strickland
|
0-0: Ball 1-0: Foul Ball, location: 2F 1-1: Fly out, F7 (Flyball, 7LSF, EV 67.5 MPH)
|
Batting: SHB Guo-liang Ye
|
0-0: Ball 1-0: Foul Ball, location: 2F 1-1: Foul Ball, location: 2F 1-2: SINGLE (Groundball, 34D, EV 108.8 MPH) John Wilder scores Huai-yi Yang to third Runner from 3rd tries for Home, SAFE, throw by RF to home
|
Batting: RHB Brandon Palmer
|
0-0: Ball 1-0: Called Strike 1-1: Ball 2-1: 2-RUN HOME RUN (Flyball, 7D, EV 100.0 MPH), Distance : 389 ft
|
Batting: LHB Blake Browning
|
0-0: Ground out 4-3 (Groundball, 34D, EV 98.8 MPH)
|
Bottom of the 5th over - 5 runs, 4 hits, 0 errors, 0 left on base; Olympia 0 - Durham 9 |
TOP OF THE 6TH |
Olympia Ogres batting - Pitching for Durham Rapiers : RHP Andy Fallon
|
Batting: RHB Jack Lynch
|
0-0: Ball 1-0: Ball 2-0: Called Strike 2-1: Foul Ball, location: 2F 2-2: SINGLE (Line Drive, 78S, EV 100.6 MPH)
|
Batting: LHB Martín Zamora
|
0-0: Ball 1-0: Foul Ball, location: 2F 1-1: Fly out, F9 (Flyball, 89S, EV 78.8 MPH)
|
Batting: RHB Takeshi Kovacs
|
0-0: Called Strike 0-1: SINGLE (Flyball, 7LM, EV 107.5 MPH) Jack Lynch to second
|
Pitching: RHP Finley Berose
|
|
Batting: RHB Brandon Graybill
|
0-0: Ball 1-0: Ball 2-0: Ball 3-0: Base on Balls Jack Lynch to third Takeshi Kovacs to second
|
Batting: LHB Tony Rincón
|
0-0: Ball 1-0: Ball 2-0: SINGLE (Line Drive, 8RS, EV 105.6 MPH) Jack Lynch scores Takeshi Kovacs to third Brandon Graybill to second Runner from 3rd tries for Home, throw by CF and OUT! 8-2
|
Batting: RHB Samual Kingman
|
0-0: Ball 1-0: Ball 2-0: Ball 3-0: Called Strike 3-1: Ground out U3 (Groundball, 34, EV 85.6 MPH)
|
Top of the 6th over - 1 run, 3 hits, 0 errors, 2 left on base; Olympia 1 - Durham 9 |
BOTTOM OF THE 6TH |
Durham Rapiers batting - Pitching for Olympia Ogres : RHP Luis González
|
Batting: RHB Jaxton Goleta
|
0-0: Ball 1-0: Swinging Strike 1-1: Ball 2-1: Ball 3-1: Base on Balls
|
Batting: RHB Bearooz Yacoobi
|
0-0: Foul Ball, location: 2F 0-1: Foul Ball, location: 2F 0-2: Ball 1-2: Strikes out swinging
|
Batting: SHB John Wilder
|
0-0: Ball 1-0: Ball 2-0: Ball 3-0: Called Strike 3-1: Base on Balls Jaxton Goleta to second
|
Batting: RHB Huai-yi Yang
|
0-0: Called Strike 0-1: Ball 1-1: Ball 2-1: Ball 3-1: Foul Ball, location: 2F 3-2: Base on Balls Jaxton Goleta to third John Wilder to second
|
Batting: SHB Takechi Yamashita
|
0-0: Ball 1-0: Called Strike 1-1: Swinging Strike 1-2: Ball 2-2: Ball 3-2: Base on Balls Jaxton Goleta scores John Wilder to third Huai-yi Yang to second
|
Batting: RHB Marvin Strickland
|
0-0: Ball 1-0: Ball 2-0: Called Strike 2-1: Ball 3-1: Base on Balls John Wilder scores Huai-yi Yang to third Takechi Yamashita to second
|
Batting: SHB Guo-liang Ye
|
0-0: Grounds out, U3 (Groundball, 3L, EV 89.4 MPH) Huai-yi Yang scores Takechi Yamashita to third
|
Pitching: RHP Caspar Irwin
|
|
Batting: RHB Brandon Palmer
|
0-0: Called Strike 0-1: Ball 1-1: Ball 2-1: Ball 3-1: Called Strike 3-2: Ground out 5-3 (Groundball, 56S, EV 93.1 MPH)
|
Bottom of the 6th over - 3 runs, 0 hits, 0 errors, 2 left on base; Olympia 1 - Durham 12 |
TOP OF THE 7TH |
Olympia Ogres batting - Pitching for Durham Rapiers : RHP Finley Berose
|
Batting: LHB Carlos Sánchez
|
0-0: Called Strike 0-1: Foul Ball, location: 2F 0-2: Ball 1-2: Hit by Pitch
|
Pinch Hitting: RHB Jon Freelove
|
0-0: Ball 1-0: Ball 2-0: Ball 3-0: Called Strike 3-1: Foul Ball, location: 2F 3-2: Strikes out looking
|
Batting: RHB Ignacio González
|
0-0: Swinging Strike 0-1: Foul Ball, location: 2F 0-2: Foul Ball, location: 2F 0-2: Ball 1-2: Strikes out looking
|
Batting: RHB Jack Lynch
|
0-0: Fly out, F7 (Line Drive, 7, EV 96.9 MPH)
|
Top of the 7th over - 0 runs, 0 hits, 0 errors, 1 left on base; Olympia 1 - Durham 12 |
BOTTOM OF THE 7TH |
Durham Rapiers batting - Pitching for Olympia Ogres : RHP Caspar Irwin
|
Now at 1B: Ismael Soto
|
|
Batting: LHB Blake Browning
|
0-0: DOUBLE (Line Drive, 89D, EV 111.9 MPH)
|
Batting: RHB Jaxton Goleta
|
0-0: Ball 1-0: Ball 2-0: Fly out, F4 (Popup, 34S, EV 74.4 MPH)
|
Batting: RHB Bearooz Yacoobi
|
0-0: Called Strike 0-1: Fly out, F8 (Flyball, 78D, EV 85.6 MPH)
|
Batting: SHB John Wilder
|
0-0: Called Strike 0-1: Fly out, F8 (Flyball, 8RS, EV 84.4 MPH)
|
Bottom of the 7th over - 0 runs, 1 hit, 0 errors, 1 left on base; Olympia 1 - Durham 12 |
TOP OF THE 8TH |
Olympia Ogres batting - Pitching for Durham Rapiers : RHP Finley Berose
|
Batting: LHB Martín Zamora
|
0-0: Called Strike 0-1: Foul Ball, location: 2F 0-2: Fly out, F7 (Flyball, 7, EV 90.0 MPH)
|
Batting: RHB Takeshi Kovacs
|
0-0: Called Strike 0-1: Ball 1-1: Foul Ball, location: 2F 1-2: Ball 2-2: Foul Ball, location: 2F 2-2: Foul Ball, location: 2F 2-2: Ground out 5-3 (Groundball, 6S, EV 82.5 MPH)
|
Batting: RHB Brandon Graybill
|
0-0: Ball 1-0: Fly out, F8 (Flyball, 78S, EV 78.1 MPH)
|
Top of the 8th over - 0 runs, 0 hits, 0 errors, 0 left on base; Olympia 1 - Durham 12 |
BOTTOM OF THE 8TH |
Durham Rapiers batting - Pitching for Olympia Ogres : RHP Caspar Irwin
|
Batting: RHB Huai-yi Yang
|
0-0: Ball 1-0: SINGLE (Line Drive, 7S, EV 106.2 MPH)
|
Batting: SHB Takechi Yamashita
|
0-0: Ball 1-0: Called Strike 1-1: Swinging Strike 1-2: Ball 2-2: Fly out, F8 (Flyball, 8LM, EV 88.8 MPH)
|
Batting: RHB Marvin Strickland
|
0-0: Called Strike 0-1: Foul Ball, location: 2F 0-2: Ball 1-2: Strikes out swinging
|
Batting: SHB Guo-liang Ye
|
0-0: Ball 1-0: Called Strike 1-1: SINGLE (Line Drive, 5D, EV 98.8 MPH) Huai-yi Yang to second
|
Batting: RHB Brandon Palmer
|
0-0: Ball 1-0: Ball Wild Pitch! Huai-yi Yang to third Guo-liang Ye to second 2-0: SINGLE (Line Drive, 7S, EV 89.4 MPH) Huai-yi Yang scores Guo-liang Ye to third Runner from 3rd tries for Home, throw by LF and OUT! 7-2
|
Bottom of the 8th over - 1 run, 3 hits, 0 errors, 1 left on base; Olympia 1 - Durham 13 |
TOP OF THE 9TH |
Olympia Ogres batting - Pitching for Durham Rapiers : RHP Finley Berose
|
Batting: LHB Tony Rincón
|
0-0: Ball 1-0: Foul Ball, location: 2F 1-1: Ground out 4-3 (Groundball, 4S, EV 88.1 MPH)
|
Batting: RHB Samual Kingman
|
0-0: Called Strike 0-1: Foul Ball, location: 2F 0-2: Strikes out swinging
|
Batting: LHB Carlos Sánchez
|
0-0: Ball 1-0: Ground out U3 (Groundball, 34, EV 89.4 MPH)
|
Top of the 9th over - 0 runs, 0 hits, 0 errors, 0 left on base; Olympia 1 - Durham 13 |
|